 Dungeon Crawl Stone Soup version 0.30.0-20-g3615ddf2f0 (webtiles) character file.

Game seed: 7648697531635233705

89 qw the Chopper (level 4, -6/28 HPs)
             Began as a Gargoyle Fighter on June 2, 2023.
             Mangled by Sigmund
             ... wielding a +0 scythe
              (8 damage)
             ... on level 3 of the Dungeon.
             The game lasted 00:01:00 (1875 turns).

qw the Chopper (Gargoyle Fighter)                   Turns: 1875, Time: 00:01:00

Health: -6/28      AC: 10    Str: 22    XL:     4   Next: 55%
Magic:  0/4        EV:  9    Int:  8    God:
Gold:   145        SH:  4    Dex:  9    Spells: 3/3 levels left

rFire   . . .        Y - +1 war axe
rCold   . . .        c - +0 buckler
rNeg    + . .        b - +0 scale mail
rPois   inf          (no helmet)
rElec   +            (no cloak)
rCorr   .            (no gloves)
SInv    .            (no boots)
Will    .....        k - amulet of guardian spirit Stlth
                     (no ring)
HPRegen 0.24/turn    (no ring)
MPRegen 0.09/turn

%: guardian spirit
@: no status effects
A: sickness immunity, AC +3, negative energy resistance 1, electricity
resistance, torment resistance 1, petrification resistance
a: no special abilities


You were on level 3 of the Dungeon.
You visited 1 branch of the dungeon, and saw 3 of its levels.

You collected 145 gold pieces.


Innate Abilities, Weirdness & Mutations

You are immune to sickness and miasma.
Your stone body is resilient. (AC +3)
You are immune to poison.
You resist negative energy. (rN+)
You are resistant to electric shocks. (rElec)
You are resistant to unholy torment.
You are immune to petrification.


   Skills:
 - Level 3.2 Fighting
 + Level 4.2 Axes
 - Level 3.2 Armour
 - Level 3.2 Shields


You had 3 spell levels left.
You didn't know any spells.
Your spell library was empty.

Inventory:

Hand Weapons
 h - a +0 club
 Y - a +1 war axe (weapon)
Armour
 b - a +0 scale mail (worn)
 c - a +0 buckler (worn)
Jewellery
 k - an amulet of guardian spirit (around neck)
Scrolls
 a - a scroll of identify
Potions
 d - 2 potions of might
 e - a potion of attraction
 i - a potion of invisibility {unknown}
 j - a potion of brilliance {unknown}
 l - a potion of cancellation {unknown}
 o - 2 potions of curing

Dungeon Overview and Level Annotations

Branches:
Dungeon (3/15)

Altars:

Annotations:
D:1 2 runed translucent doors
D:3 Sigmund


Message History

You closely miss Sigmund.
Sigmund is lightly wounded.
The adder hisses angrily.
Sigmund hits you with a +0 scythe.
You hit Sigmund.
Sigmund is lightly wounded.
Sigmund screams, "Don't try to resist!"
Sigmund barely misses you.
You closely miss Sigmund.
Sigmund is lightly wounded.
Sigmund hits you but does no damage.
You barely miss Sigmund.
Sigmund is lightly wounded.
Sigmund barely misses you.
You barely miss Sigmund.
Sigmund is lightly wounded.
You slash Sigmund!
Sigmund is heavily wounded.
Sigmund hits you but does no damage.
You closely miss Sigmund.
Sigmund is heavily wounded.
Sigmund barely misses you.
You barely miss Sigmund.
Sigmund is heavily wounded.
Sigmund hits you with a +0 scythe.
You barely miss Sigmund.
Sigmund is heavily wounded.
Sigmund completely misses you.
You slash Sigmund!
Sigmund is almost dead.
Sigmund closely misses you.
You hit Sigmund but do no damage.
Sigmund is almost dead.
Sigmund barely misses you.
You closely miss Sigmund.
Sigmund is almost dead.
You closely miss Sigmund.
Sigmund is almost dead.
Sigmund hits you with a +0 scythe!
You die...

..########
.....S@@.#
....####.#
. #.# ###
#.# ##.##
#.#
##.#.##
#.#
##.###.##
#.#####.##
##.##
#......##
##.#
#######.##
##.##


You could see Sigmund and an adder.

Vanquished Creatures
  Terence (D:2)
  3 adders
  A worm (D:2)
  A dart slug (D:1)
  6 ball pythons
  2 giant cockroaches
  2 goblins (D:1)
  5 hobgoblins
  3 jackals (D:2)
  2 bats
  5 kobolds
  5 rats
36 creatures vanquished.

Notes
Turn   | Place    | Note
-------+----------+-------------------------------------------
     0 | D:1      | qw the Gargoyle Fighter began the quest for the Orb.
     0 | D:1      | Reached XP level 1. HP: 14/14 MP: 1/1
     0 | D:1      | 0 ||| qw: Version: 0.2-a-102-gdf20003
     0 | D:1      | 0 ||| qw: Game counter: 789
     0 | D:1      | 0 ||| qw: Always use a shield: true
     0 | D:1      | 0 ||| qw: God list: Okawaru
     0 | D:1      | 0 ||| qw: Allow faded altars: false
     0 | D:1      | 0 ||| qw: Do Orc after D:15 true
     0 | D:1      | 0 ||| qw: Do second Lair branch before Depths: true
     0 | D:1      | 0 ||| qw: Lair rune preference: random
     0 | D:1      | 0 ||| qw: Plans: Normal, Zot:1-4, Slime:5, God:TSO, Crypt,
                  | Tomb, Pan, Hells, Abyss, Win
     0 | D:1      | 0 ||| PLANNING D:1-11
    43 | D:1      | Found a large runed translucent door.
    46 | D:1      | Reached skill level 2 in Axes
    49 | D:1      | Found a large runed translucent door.
    50 | D:1      | Noticed an orc priest
    51 | D:1      | Noticed an orc warrior
   155 | D:1      | Reached XP level 2. HP: 19/19 MP: 2/2
   716 | D:1      | 716 ||| READING 2 scrolls labelled IZXUTZ VELOMITYNO.
   717 | D:1      | 717 ||| READING scroll labelled RAUTSA RUTA.
   718 | D:1      | 718 ||| READING scroll labelled JAUNNI CARAR.
   719 | D:1      | 719 ||| READING scroll labelled DASOEV KUKORO.
   720 | D:1      | 720 ||| READING scroll labelled VACRAW SI ZUM.
   721 | D:1      | 721 ||| READING scroll labelled GIAZAU KIAJOWO.
   722 | D:1      | 722 ||| READING scroll labelled LOVYIWK WAAK.
   723 | D:1      | 723 ||| DRINKING 4 blue potions.
   773 | D:2      | Reached skill level 3 in Axes
   773 | D:2      | Reached XP level 3. HP: 20/23 MP: 3/3
   971 | D:2      | 971 ||| Stepping ~*~*~tactically~*~*~ (stealth).
   973 | D:2      | 973 ||| Stepping ~*~*~tactically~*~*~ (stealth).
   975 | D:2      | 975 ||| Stepping ~*~*~tactically~*~*~ (stealth).
  1061 | D:2      | Noticed Terence
  1073 | D:2      | Killed Terence
  1074 | D:2      | Reached skill level 4 in Axes
  1074 | D:2      | Reached XP level 4. HP: 22/28 MP: 4/4
  1410 | D:2      | Found a faded altar of an unknown god.
  1659 | D:2      | 1659 ||| UPGRADING to amulet of guardian spirit.
  1664 | D:2      | 1664 ||| READING scroll labelled NEH QIFYICUZ.
  1665 | D:2      | 1665 ||| READING scroll labelled IREIBA EGGA.
  1669 | D:2      | 1669 ||| READING 2 scrolls of identify.
  1669 | D:2      | 1669 ||| IDENTIFYING metallic brown potion
  1834 | D:3      | Noticed Sigmund
  1841 | D:3      | 1841 ||| DRINKING 3 potions of curing.
  1841 | D:3      | 1841 ||| (to cure confusion)
  1843 | D:3      | 1843 ||| Stepping ~*~*~tactically~*~*~ (stealth).
  1862 | D:3      | HP: 7/28 [Sigmund/+0 scythe (6)]
  1863 | D:3      | HP: 3/28 [Sigmund/+0 scythe (4)]
  1870 | D:3      | HP: 1/28 [Sigmund/+0 scythe (5)]
  1875 | D:3      | Mangled by Sigmund

Levels and vault maps discovered:
D:1:      erik_arrival_cave_to_civilisation [erik_arrival_cave_to_temple],
          layout_basic, chequers_serial_rivers_micro_a
D:2:      layout_basic, shapermc_ecumenical_altar_starsandcircs, uniq_terence
D:3:      layout_loops_ring, nicolae_tso_swordbearing_angel,
          mainiacjoe_overflow_large_starburst, uniq_sigmund

Skill      XL: |  1  2  3 |
---------------+----------+-----
Axes           | 2 3 4 |  4.2
Fighting       | |  3.2
Armour         | |  3.2
Shields        | |  3.2

Action                     |  1- 3 |  4- 6 || total
---------------------------+-------+-------++-------
  Melee: War axe           |   101 |    37 ||   138
    Use: Scroll            |     7 |     3 ||    10
         Potion            |     1 |     1 ||     2
 Armour: Scale mail        |    55 |    17 ||    72
  Dodge: Dodged            |    47 |    13 ||    60
  Block: Buckler           |    22 |     6 ||    28

Table legend:
 A = Non-vault XP
 B = Vault XP
 C = Vault XP percentage of total XP
 D = Non-vault monster count
 E = Vault monster count
 F = Vault count percentage of total count
                 A         B        C        D         E       F
            +---------+---------+-------+---------+---------+-------
      Total |      93 |      35 |  27.3 |      33 |       3 |   8.3
            +---------+---------+-------+---------+---------+-------
        D:1 |      22 |       3 |  12.0 |      14 |       2 |  12.5
        D:2 |      57 |      32 |  36.0 |      17 |       1 |   5.6
        D:3 |      14 |       0 |   0.0 |       2 |       0 |   0.0
            +---------+---------+-------+---------+---------+-------
